 Dungeon Crawl Stone Soup version 0.30-a0-304-gdc4b735fe1 (webtiles) character file.

Game seed: 7055128837408656620

3402 Iusername the Carver (level 9, 0/74 (83) HPs)
             Began as a Minotaur Fighter on Oct 20, 2022.
             Was an Initiate of Gozag.
             Slain by a wight
             ... wielding a +5 halberd
              (12 damage)
             ... on level 7 of the Dungeon.
             The game lasted 00:13:29 (9231 turns).

Iusername the Carver (Minotaur Fighter)             Turns: 9231, Time: 00:13:29

HP:   0/74 (83)     AC: 18    Str: 26    XL:     9   Next: 75%
MP:   8/8           EV:  7    Int:  5    God:    Gozag
Gold: 302           SH:  0    Dex:  9    Spells: 8/8 levels left

rFire   . . .      SeeInvis .    a - +3 long sword
rCold   . . .      Faith    .    (no shield)
rNeg    . . .      Spirit   .    j - +3 plate armour
rPois   .          Reflect  .    (helmet restricted)
rElec   .          Harm     .    h - +0 cloak
rCorr   .          Rampage  .    (no gloves)
Will    .....                    (no boots)
Stlth   ..........               (no amulet)
HPRegen 0.32/turn                (no ring)
MPRegen 0.11/turn                (no ring)

@: studying Long Blades, heavily drained
A: horns 2, retaliatory headbutt
a: Renounce Religion, Potion Petition, Call Merchant, Bribe Branch


You were on level 7 of the Dungeon.
You worshipped Gozag.
Gozag was aware of your devotion.
You visited 2 branches of the dungeon, and saw 8 of its levels.

You collected 431 gold pieces.
You paid 129 gold pieces to Gozag.

Inventory:

Hand Weapons
 a - a +3 long sword (weapon)
Missiles
 u - 2 silver javelins
 y - 2 javelins (quivered)
Armour
 h - a +0 cloak (worn)
 j - a +3 plate armour (worn)
Jewellery
 p - a ring of resist corrosion
Wands
 d - a wand of digging (5)
 e - a wand of flame (20)
 A - a wand of paralysis (13)
Scrolls
 f - 3 scrolls of teleportation
 g - a scroll of identify
 i - 2 scrolls of fear
 l - a scroll of amnesia {unknown}
 n - a scroll of blinking {unknown}
 o - a scroll of fog {unknown}
 v - 2 scrolls of vulnerability {unknown}
Potions
 b - a potion of ambrosia {unknown}
 c - a potion of magic {unknown}
 k - 3 potions of invisibility
 q - a potion of mutation
 r - 2 potions of cancellation {unknown}
 w - 2 potions of lignification {unknown}
 x - 2 potions of brilliance {unknown}
 z - 2 potions of berserk rage {unknown}


   Skills:
 + Level 9.1 Fighting
 + Level 9.8 Long Blades
 + Level 9.1 Armour
 + Level 9.1 Shields


You had 8 spell levels left.
You didn't know any spells.
Your spell library contained the following spells:

 Spells                   Type           Power      Damage    Failure   Level
 Apportation              Tloc           0%         N/A       99%         1
 Magic Dart               Conj           0%         1d3       99%         1
 Summon Small Mammal      Summ           0%         N/A       99%         1
 Call Imp                 Summ           0%         N/A       100%        2
 Call Canine Familiar     Summ           0%         N/A       100%        3
 Mephitic Cloud           Conj/Pois/Air  0%         N/A       100%        3
 Summon Guardian Golem    Hex/Summ       0%         N/A       100%        3
 Airstrike                Air            0%         2d(0-16)  100%        4
 Summon Ice Beast         Ice/Summ       0%         N/A       100%        4
 Summon Lightning Spire   Summ/Air       0%         N/A       100%        4
 Alistair's Intoxication  Tmut/Pois      0%         N/A       100%        5
 Lightning Bolt           Conj/Air       0%         1d11      100%        5
 Summon Mana Viper        Hex/Summ       0%         N/A       100%        5
 Monstrous Menagerie      Summ           0%         N/A       100%        7


Dungeon Overview and Level Annotations

Branches:
Dungeon (7/15)             Temple (1/1) D:6

Altars:
Ashenzari
Cheibriados
Dithmenos
Elyvilon
Fedhas
Gozag
Hepliaklqana
Kikubaaqudgha
Makhleb
Nemelex Xobeh
Okawaru
Qazlal
Ru
Sif Muna
Trog
Uskayaw
Vehumet
Wu Jian
Xom
Yredelemnul
Zin
The Shining One

Shops:
D:3 =   D:5 *   D:7 :(((


Innate Abilities, Weirdness & Mutations

You have a pair of horns on your head.
You reflexively headbutt those who attack you in melee.


Message History

The wight hits you from afar with a +5 halberd!
You feel drained.
The wight is distracted by your dazzling golden aura.
You slash the wight!
You destroy the wight!
The wight is distracted by your dazzling golden aura.
You feel better.
The wight is no longer distracted by gold.
The wight closely misses you.
Things that are here:
5 gold pieces; a +0 long sword; a +0 robe The wight barely misses you.
Things that are here:
6 gold pieces; a +0 long sword; a +0 robe You closely miss the wight.
You headbutt the wight, but do no damage.
The wight hits you with a +5 halberd!
* * * LOW HITPOINT WARNING * * *
You feel drained.
* * * LOW HITPOINT WARNING * * *
You barely miss the wight.
The wight is distracted by your dazzling golden aura.
You strike the helpless wight from behind!
You hit the wight but do no damage.
The wight is no longer distracted by gold.
The wight hits you with a +5 halberd.
* * * LOW HITPOINT WARNING * * *
Really quaff the potion of mutation? [Y]es or [N]o only, please.
Really quaff the potion of mutation?
Okay, then.
You hit the wight. Your headbutt misses the wight.
The wight is moderately damaged.
The wight barely misses you.
Unknown command.
You closely miss the wight. Your headbutt misses the wight.
The wight is moderately damaged.
The wight hits you with a +5 halberd!
You die...
Your body crumbles into a pile of gold.

#.....###
#####...#...#
........#####
####.....###
###.....#
#....##
#..###
########..#
......z@$##
.........#
##########


You could see a wight.

Vanquished Creatures
  Sigmund (D:2)
  A wyvern (D:7)
  A wraith (D:6)
  A steam dragon (D:7)
  3 water moccasins
  4 orc warriors
  An ice beast (D:6)
  A black bear (D:6)
  An ogre (D:5)
  3 centaurs
  A kobold brigand (D:6)
  6 bullfrogs
  3 necrophages
  2 wights (D:7)
  2 hounds (D:6)
  A jelly (D:6)
  Crazy Yiuf (D:3)
  3 orc priests
  Jessica (D:2)
  5 iguanas
  Natasha (thrice) (D:3)
  6 orc wizards
  Robin (D:2)
  7 gnolls
  9 adders
  3 white imps
  5 dart slugs
  29 orcs
  3 bats
  6 endoplasms
  3 giant cockroaches
  15 goblins
  9 hobgoblins
  7 jackals
  2 quokkas
  5 ball pythons
  5 frilled lizards
  15 kobolds
  3 rats
178 creatures vanquished.

Vanquished Creatures (others)
  A fungus (D:3)
1 creature vanquished.

Grand Total: 179 creatures vanquished

Notes
Turn   | Place    | Note
-------+----------+-------------------------------------------
     0 | D:1      | Iusername the Minotaur Fighter began the quest for the Orb.
     0 | D:1      | Reached XP level 1. HP: 19/19 MP: 0/0
    82 | D:1      | Reached XP level 2. HP: 27/27 MP: 1/1
   381 | D:1      | Reached XP level 3. HP: 28/33 MP: 2/2
   842 | D:2      | Noticed Robin
   854 | D:2      | Killed Robin
   860 | D:2      | Reached XP level 4. HP: 40/41 MP: 3/3
  1012 | D:2      | Noticed Sigmund
  1021 | D:2      | Killed Sigmund
  1022 | D:2      | Reached skill level 5 in Fighting
  1022 | D:2      | Reached skill level 5 in Armour
  1022 | D:2      | Reached skill level 5 in Shields
  1022 | D:2      | Reached XP level 5. HP: 38/48 MP: 4/4
  1089 | D:2      | Noticed Jessica
  1092 | D:2      | Killed Jessica
  1491 | D:3      | Noticed Natasha
  1501 | D:3      | Killed Natasha
  1502 | D:3      | Reached XP level 6. HP: 33/56 MP: 5/5
  2000 | D:3      | Noticed Natasha
  2011 | D:3      | Killed Natasha
  2383 | D:3      | Noticed Natasha
  2403 | D:3      | Killed Natasha
  2796 | D:3      | Found a runed translucent door.
  2797 | D:3      | Noticed Crazy Yiuf
  3004 | D:3      | Found Xezaeg's Jewellery Emporium.
  3128 | D:3      | Killed Crazy Yiuf
  3432 | D:4      | Identified the +1 robe of Hadjma {Harm Will++ Int-4 SInv}
  3553 | D:4      | Reached skill level 5 in Long Blades
  3553 | D:4      | Reached XP level 7. HP: 60/62 MP: 6/6
  4015 | D:5      | Entered Level 5 of the Dungeon
  5215 | D:5      | Reached XP level 8. HP: 32/71 MP: 7/7
  5585 | D:5      | Found Nufuluri's General Store.
  5988 | D:5      | Identified the +5 hand axe of Defiance {vorpal, rElec
                  | rCorr}
  7256 | D:6      | Reached XP level 9. HP: 68/81 MP: 8/8
  7844 | D:6      | Found a staircase to the Ecumenical Temple.
  8004 | D:6      | Found a broken altar of Ashenzari.
  8795 | D:7      | Found Susire's Antique Weapon Shoppe.
  8796 | D:7      | Found Wegearum's Book Shoppe.
  8799 | D:7      | Found Untiusol's Weapon Shoppe.
  8817 | D:7      | Found Fiafoc's Antique Weapon Shoppe.
  8870 | Temple   | Entered the Ecumenical Temple
  8910 | Temple   | Became a worshipper of Gozag Ym Sagoz the Greedy
  9231 | D:7      | Slain by a wight

Illustrated notes

Levels and vault maps discovered:
D:1:      sevenhm_arrival_forest_fort_small_3, layout_basic
D:2:      layout_basic, uniq_sigmund, uniq_jessica, uniq_robin
D:3:      layout_loops_cross, serial_shops, nicolae_shop_hallway_plus,
          uniq_crazy_yiuf_cottage, uniq_natasha
D:4:      layout_cave_pools
D:5:      layout_cave_pods, serial_shops, shop, mrwooster_statue_mirror,
          minivault_14, guppyfry_early_orc_mine
D:6:      layout_cave_pools, ashenzari_altar_1, minmay_temple_entry_wispy,
          minmay_manual_mail
D:7:      layout_layer_cave, enter_bailey_3, kennysheep_doodads,
          minmay_shop_grid_forest, kennysheep_small_circle
Temple:   nicolae_temple_the_god_donut

Skill      XL: |  1  2  3  4  5  6  7  8  9 |
---------------+----------------------------+-----
Fighting       | 4 5 6 7 9 |  9.1
Armour         | 4 5 6 7 9 |  9.1
Shields        | 4 5 6 7 9 |  9.1
Long Blades    | 3 4 5 6 7 9 |  9.8

Action                   |  1- 3 |  4- 6 |  7- 9 || total
-------------------------+-------+-------+-------++-------
Melee: Long sword        |    90 |   130 |   333 ||   553
       Headbutt          |    11 |    17 |    64 ||    92
       Punch             |       |     2 |     4 ||     6
Throw: Javelin           |       |    12 |    13 ||    25
  Use: Potion            |     1 |       |     9 ||    10
       Scroll            |       |     9 |     9 ||    18
 Stab: Distracted        |       |       |     1 ||     1
Armor: Scale mail        |    50 |    57 |    52 ||   159
       Plate armour      |       |       |   228 ||   228
Dodge: Dodged            |    51 |    59 |   150 ||   260
Block: Buckler           |     2 |       |       ||     2

Table legend: (Time is in decaauts)
 A = Elapsed time spent in this place.
 B = Non-inter-level travel time spent in this place.
 C = Inter-level travel time spent in this place.
 D = Time resting spent in this place.
 E = Time spent auto-exploring this place.
 F = Levels seen in this place.
 G = Mean time per level.
                   A        B        C        D        E       F      G
               +--------+--------+--------+--------+--------+-----+--------+
         Total |   9292 |   9097 |    195 |   3573 |   4267 |   8 | 1161.5 |
       Dungeon |   9224 |   9030 |    194 |   3573 |   4248 |   7 | 1317.7 |
        Temple |     67 |     67 |      0 |      0 |     19 |   1 |   67.0 |
               +--------+--------+--------+--------+--------+-----+--------+

Top non-repeatable levels by time:
     D:5: 2259 daAuts
     D:6: 1921 daAuts
     D:3: 1892 daAuts
     D:7: 958 daAuts
     D:2: 768 daAuts
     D:1: 756 daAuts
     D:4: 667 daAuts
  Temple: 67 daAuts
